 Dungeon Crawl Stone Soup version 0.29.1-13-g9f3cf754e1 (webtiles) character file.

Game seed: 10050407251399195417

628 bnorton916 the Magician (level 7, -3/36 HPs)
             Began as a Deep Elf Fire Elementalist on Feb 10, 2023.
             Killed from afar by a steam dragon (14 damage)
             ... with a ball of steam
             ... on level 5 of the Dungeon.
             The game lasted 00:05:14 (5896 turns).

bnorton916 the Magician (DEFE)                      Turns: 5896, Time: 00:05:14

Health: -3/36      AC:  5    Str:  5    XL:     7   Next: 23%
Magic:  13/18      EV: 12    Int: 22    God:
Gold:   261        SH:  0    Dex: 15    Spells: 13/19 levels left

rFire   . . .      SeeInvis .   r - +2 short sword (venom)
rCold   . . .      Faith    .   (no shield)
rNeg    . . .      Spirit   .   a - +0 robe
rPois   .          Reflect  .   E - +0 helmet
rElec   .          Harm     .   y - +0 cloak
rCorr   .          Rampage  .   (no gloves)
Will    .....                   q - +0 pair of boots
Stlth   ++........              (no amulet)
HPRegen 0.12/turn               (no ring)
MPRegen 0.16/turn               (no ring)

@: very slightly contaminated
A: no striking features
a: no special abilities


You were on level 5 of the Dungeon.
You visited 1 branch of the dungeon, and saw 5 of its levels.

You collected 261 gold pieces.

Inventory:

Hand Weapons
 r - a +2 short sword of venom (weapon)
 v - a +2 hand axe of flaming
 F - a +0 quarterstaff of speed
Missiles
 l - 12 poisoned darts
 s - 22 stones
Armour
 a - a +0 robe (worn)
 q - a +0 pair of boots (worn)
 y - a +0 cloak (worn)
 E - a +0 helmet (worn)
Jewellery
 o - a ring of magical power
 p - an amulet of regeneration
 D - a +6 ring of dexterity
Wands
 u - a wand of roots (16)
Scrolls
 e - 2 scrolls of torment {unknown}
 f - a scroll of fog {unknown}
 h - a scroll of blinking {unknown}
 i - 2 scrolls of teleportation {unknown}
 k - 3 scrolls of identify {unknown}
 B - 2 scrolls of poison {unknown}
 C - 3 scrolls of noise {unknown}
Potions
 b - 2 potions of magic
 c - 4 potions of curing
 d - 2 potions of lignification {unknown}
 g - 2 potions of attraction {unknown}
 j - a potion of resistance {unknown}
 m - a potion of flight {unknown}
 n - a potion of mutation {unknown}
 t - a potion of brilliance {unknown}
 w - a potion of haste {unknown}
 x - a potion of invisibility {unknown}
 z - a potion of berserk rage {unknown}
 A - a potion of heal wounds {unknown}


   Skills:
 - Level 2.4 Dodging
 - Level 2.4 Stealth
 + Level 6.5 Spellcasting
 + Level 5.0 Conjurations
 + Level 5.9 Fire Magic


You had 13 spell levels left.
You knew the following spells:

 Your Spells              Type           Power      Damage    Failure   Level
a - Foxfire               Conj/Fire      100%       2x1d9     1%          1
b - Scorch                Fire           66%        2d8       1%          2
c - Conjure Flame         Conj/Fire      31%        6-21      2%          3

Your spell library contained the following spells:

 Spells                   Type           Power      Damage    Failure   Level
 Inner Flame              Hex/Fire       20%        N/A       8%          3
 Flame Wave               Conj/Fire      31%        2d9       9%          4
 Irradiate                Conj/Tmut      9%         3d14      65%         5
 Blade Hands              Tmut           3%         N/A       94%         5
 Dragon Form              Tmut           3%         N/A       100%        7


Dungeon Overview and Level Annotations

Branches:
Dungeon (5/15)
 Temple: D:4-7

Altars:
Okawaru
Trog
Zin

Annotations:
D:4 Eustachio


Message History

There is a stone staircase leading down here.
You climb downwards.
Found a stone staircase leading down.
There is a stone staircase leading up here.
A steam dragon is nearby!
Casting: Foxfire (safe; 1% risk of failure)
Confirm with . or Enter, or press ? or * to list all spells.
You conjure some foxfire!
The steam dragon hisses angrily.
The foxfire hits the steam dragon.
The steam dragon is lightly wounded.
The foxfire hits the steam dragon but does no damage.
The steam dragon is lightly wounded.
Casting: Foxfire (safe; 1% risk of failure)
Confirm with . or Enter, or press ? or * to list all spells.
You miscast Scorch.
You are very lightly contaminated with residual magic.
Nothing appears to happen.
Casting: Scorch (safe; 1% risk of failure)
Confirm with . or Enter, or press ? or * to list all spells.
You conjure some foxfire!
The foxfire hits the steam dragon!
The steam dragon is moderately wounded.
The foxfire hits the steam dragon.
The steam dragon is heavily wounded.
The steam dragon bites you but does no damage.
The steam dragon barely misses you.
Casting: Foxfire (safe; 1% risk of failure)
Confirm with . or Enter, or press ? or * to list all spells.
Flames lash the steam dragon.
The steam dragon is severely wounded.
The steam dragon's fire resistance burns away.
You hear a shout!
The steam dragon bites you! The steam dragon barely misses you.
The steam dragon breathes steam at you. The ball of steam hits you!
You hear an angry hiss.
You hear a shout! x2
The steam dragon breathes steam at you. The ball of steam hits you!
You die...

#...... #......
.. #...... .##
.......## ...#.
........###.#...
................
................
.......@§D....##
...##.#§§......#
......§.>......
.....§.........
.....§..........
....§...........
..##.#..........
#.##......... .
#.........


You could see a steam dragon (catching breath, combustible).

Vanquished Creatures
  An ogre (D:4)
  2 scorpions
  A howler monkey (D:4)
  A hound (D:4)
  Crazy Yiuf (D:3)
  3 orc priests
  An orc wizard (D:3)
  A hound skeleton (D:2)
  Robin (D:4)
  5 adders
  2 adder zombies (D:2)
  2 worms
  A dart slug (D:3)
  12 orcs
  6 ball pythons
  10 endoplasms
  4 giant cockroaches
  19 goblins
  9 hobgoblins
  5 jackals
  10 kobolds
  6 quokkas
  A ball python zombie (D:2)
  5 bats
  2 frilled lizards (D:2)
  A giant cockroach zombie (D:2)
  A quokka skeleton (D:2)
  9 rats
122 creatures vanquished.

Vanquished Creatures (others)
  510 foxfires
  2 fungi (D:3)
512 creatures vanquished.

Grand Total: 634 creatures vanquished

Notes
Turn   | Place    | Note
-------+----------+-------------------------------------------
     0 | D:1      | bnorton916 the Deep Elf Fire Elementalist began the quest
                  | for the Orb.
     0 | D:1      | Reached XP level 1. HP: 10/10 MP: 6/6
   573 | D:1      | Reached XP level 2. HP: 15/15 MP: 5/8
  1131 | D:1      | Found a faded altar of an unknown god.
  1326 | D:1      | Reached XP level 3. HP: 10/19 MP: 3/10
  1809 | D:2      | Found a bloodstained altar of Trog.
  1963 | D:2      | Reached skill level 4 in Spellcasting
  2545 | D:2      | Reached XP level 4. HP: 17/24 MP: 9/12
  3063 | D:3      | Learned a level 2 spell: Scorch
  3073 | D:3      | Learned a level 3 spell: Conjure Flame
  3241 | D:3      | Found an iron altar of Okawaru.
  3483 | D:3      | Reached XP level 5. HP: 25/28 MP: 9/14
  3823 | D:3      | Reached skill level 5 in Spellcasting
  4159 | D:3      | Found a runed translucent door.
  4160 | D:3      | Noticed Crazy Yiuf
  4168 | D:3      | Killed Crazy Yiuf
  4407 | D:4      | Reached skill level 5 in Fire Magic
  4407 | D:4      | Reached XP level 6. HP: 28/32 MP: 12/16
  4453 | D:4      | Found a glowing silver altar of Zin.
  4837 | D:4      | Reached skill level 6 in Spellcasting
  5097 | D:4      | Reached XP level 7. HP: 36/36 MP: 14/18
  5140 | D:4      | Noticed Robin
  5257 | D:4      | Killed Robin
  5571 | D:4      | Noticed Eustachio
  5783 | D:4      | Reached skill level 5 in Conjurations
  5888 | D:5      | Entered Level 5 of the Dungeon
  5888 | D:5      | Noticed a steam dragon
  5896 | D:5      | Killed from afar by a steam dragon

Illustrated notes

Levels and vault maps discovered:
D:1:      elethiomel_arrival_maze, layout_rooms,
          shapermc_ecumenical_altar_pompeii, amethyst_killhole,
          minmay_pentomino_w4
D:2:      layout_loops_ring, basic_altar, serial_undead, serial_undead_f,
          serial_undead_c, serial_undead_d, serial_undead_d, serial_undead_d,
          serial_undead_b, minmay_statues_item
D:3:      layout_rooms, nicolae_overflow_crystal_walls, minmay_quantized,
          uniq_crazy_yiuf_cottage
D:4:      layout_cave_pools, old_standard_altar, uniq_eustachio, uniq_robin
D:5:      layout_cave_pools, mainiacjoe_overflow_brackets, uniq_grinder

Skill      XL: |  1  2  3  4  5  6  7 |
---------------+----------------------+-----
Conjurations   | 2 3 4 5 |  5.0
Spellcasting   | 4 5 6 |  6.5
Fire Magic     | 4 5 |  5.9
Dodging        | |  2.4
Stealth        | |  2.4

Action                   |  1- 3 |  4- 6 |  7- 9 || total
-------------------------+-------+-------+-------++-------
Melee: Short sword       |       |     9 |       ||     9
 Cast: Foxfire           |   139 |   118 |    41 ||   298
       Scorch            |       |    11 |     5 ||    16
  Use: Potion            |       |     1 |       ||     1
Armor: Robe              |     5 |     3 |     6 ||    14
Dodge: Dodged            |    13 |    14 |     3 ||    30
